Map: Romanticide LE

Players

GunGFuBanDa - Winner!

  • Race: Protoss Protoss
  • League: Grandmaster

ShaDoWn

  • Race: Protoss Protoss
  • League: Grandmaster

Event: DreamHack SC2 Masters 2021 Summer

VOD

Have the link to the VOD?

Description

Time

  • Played on: May 26, 2021, 1:14 p.m.
  • Length: 21:09

All games in this series

Show
View Real Time Build Order
Export as new Build Order

GunGFuBanDa Protoss - Winner!

Build Orders: Oracle Opening 

Get SALT Encoding   

  12  0:00  Probe  
  13  0:12  Probe  
  14  0:17  Pylon  
  14  0:24  Probe (Chrono Boost)  
  15  0:37  Probe (Chrono Boost), Gateway  
  16  0:42  Probe (Chrono Boost)  
  16  0:45  Assimilator  
  17  0:52  Probe (Chrono Boost)  
  17  0:55  Assimilator  
  19  1:04  Probe (Chrono Boost)  
  19  1:08  Gateway  
  19  1:12  Gateway  
  19  1:13  Probe (Chrono Boost)  
  20  1:20  Probe  
  21  1:27  Cybernetics Core  
  21  1:32  Probe  
  22  1:37  Pylon  
  22  1:44  Probe  
  23  1:56  Probe  
  24  2:02  Adept  
  24  2:03  Adept  
  24  2:04  Warp Gate  
  28  2:09  Probe  
  29  2:20  Pylon  
  29  2:32  Stargate  
  29  2:37  Stalker  
  29  2:38  Stalker  
  32  3:00  Nexus  
  32  3:13  Oracle (Chrono Boost)  
  32  3:15  Probe  
  36  3:23  Pylon  
  36  3:28  Probe  
  36  3:30  Shield Battery  
  37  3:40  Probe, Oracle (Chrono Boost)  
  41  3:52  Probe  
  41  3:54  Twilight Council  
  42  4:04  Probe  
  43  4:15  Probe (Chrono Boost)  
  43  4:16  Probe (Chrono Boost)  
  46  4:25  Probe x2 (Chrono Boost)  
  46  4:27  Blink (Chrono Boost)  
  46  4:30  Probe x2 (Chrono Boost)  
  46  4:31  Forge  
  49  4:41  Probe  
  49  4:44  Probe  
  47  4:53  Probe, Stalker, Sentry  
  47  4:56  Probe, Shield Battery  
  47  4:59  Assimilator  
  53  5:01  Gateway  
  53  5:05  Probe  
  54  5:07  Protoss Ground Weapons Level 1 (Chrono Boost)  
  54  5:10  Probe  
  55  5:18  Probe  
  56  5:22  Nexus  
  56  5:25  Pylon  
  56  5:31  Probe  
  56  5:34  Stalker, Sentry  
  61  5:38  Pylon  
  61  5:45  Probe x2, Shield Battery  
  63  5:52  Robotics Facility  
  63  5:57  Probe  
  63  6:00  Stalker  
  63  6:01  Stalker  
  63  6:02  Probe  
  69  6:06  Pylon  
  69  6:09  Probe  
  70  6:14  Probe (Chrono Boost)  
  71  6:21  Probe (Chrono Boost)  
  72  6:32  Probe (Chrono Boost), Stalker x2, Sentry  
  80  6:33  Probe (Chrono Boost)  
  80  6:37  Probe (Chrono Boost), Gateway  
  80  6:38  Gateway  
  80  6:39  Observer  
  83  6:42  Gateway, Assimilator  
  83  6:43  Probe (Chrono Boost)  
  83  6:45  Probe (Chrono Boost)  
  83  6:46  Probe (Chrono Boost)  
  85  6:53  Probe (Chrono Boost)  
  85  6:54  Probe (Chrono Boost)  
  86  6:55  Photon Cannon  
  86  6:56  Probe (Chrono Boost)  
  86  7:01  Immortal  
  92  7:03  Probe  
  92  7:05  Protoss Ground Weapons Level 2 (Chrono Boost), Assimilator  
  93  7:08  Probe  
  93  7:09  Probe  
  93  7:13  Assimilator  
  93  7:15  Pylon  
  95  7:18  Probe  
  95  7:19  Pylon  
  95  7:20  Robotics Bay  
  95  7:21  Probe x2  
  98  7:24  Pylon  
  98  7:29  Stalker  
  100  7:46  Gateway, Charge  
  100  7:47  Probe x2  
  100  7:48  Probe, Gateway  
  103  7:52  Photon Cannon  
  103  7:59  Probe  
  103  8:01  Stalker x4  
  103  8:02  Stalker x2  
  116  8:09  Disruptor (Chrono Boost)  
  119  8:17  Photon Cannon  
  119  8:28  Stalker x3  
  119  8:32  Pylon  
  119  8:34  Pylon  
  125  8:35  Pylon  
  125  8:37  Pylon  
  125  8:50  Disruptor (Chrono Boost)  
  128  9:07  Stalker x6  
  128  9:08  Stalker x2  
  144  9:18  Phoenix  
  144  9:19  Disruptor (Chrono Boost)  
  144  9:22  Pylon  
  144  9:28  Probe x2  
  147  9:31  Probe  
  147  9:32  Photon Cannon  
  147  9:34  Dark Shrine  
  147  9:35  Protoss Ground Weapons Level 3 (Chrono Boost)  
  147  9:36  Stalker x5  
  157  9:42  Nexus  
  157  9:43  Shield Battery  
  156  9:56  Zealot x3  
  157  10:10  Zealot  
  157  10:16  Photon Cannon  
  157  10:17  Pylon  
  157  10:18  Shield Battery  
  157  10:30  Pylon  
  157  10:32  Pylon  
  157  10:33  Pylon  
  157  10:35  Disruptor (Chrono Boost)  
  157  10:41  Photon Cannon  
  157  10:42  Probe  
  161  10:46  Stalker x2  
  161  10:48  Stalker x4  
  173  10:57  Nexus  
  173  10:59  Pylon  
  173  11:08  Disruptor (Chrono Boost)  
  173  11:09  Robotics Facility  
  176  11:11  Dark Templar x2  
  176  11:12  Dark Templar x2  
  184  11:18  Photon Cannon  
  184  11:20  Photon Cannon, Pylon  
  184  11:21  Shield Battery  
  176  11:37  Observer  
  165  11:45  Stalker x8  
  153  11:56  Disruptor (Chrono Boost)  
  160  12:03  Probe  
  160  12:07  Disruptor (Chrono Boost)  
  160  12:15  Stalker x5  
  162  12:16  Stalker x2  
  162  12:22  Photon Cannon  
  174  12:28  Disruptor (Chrono Boost)  
  175  12:35  Observer  
  158  12:47  Disruptor (Chrono Boost)  
  132  13:00  Assimilator  
  132  13:02  Photon Cannon  
  132  13:03  Assimilator  
  132  13:04  Stalker x3  
  132  13:05  Disruptor (Chrono Boost), Zealot, Stalker x4  
  148  13:11  Protoss Shields Level 1 (Chrono Boost)  
  150  13:23  Observer (Chrono Boost)  
  150  13:24  Nexus  
  151  13:27  Probe x2  
  151  13:29  Pylon  
  151  13:32  Shield Battery, Pylon  
  153  13:35  Shield Battery  
  153  13:38  Pylon  
  151  13:45  Stalker x7  
  152  14:07  Probe x3  
  155  14:11  Disruptor x2 (Chrono Boost), Pylon  
  161  14:18  Pylon  
  161  14:21  Photon Cannon  
  161  14:22  Shadow Stride (Chrono Boost)  
  161  14:37  Stalker x8  
  177  14:39  Disruptor (Chrono Boost)  
  177  14:40  Disruptor (Chrono Boost)  
  177  14:45  Photon Cannon  
  173  15:07  Stalker x8  
  173  15:12  Disruptor x2 (Chrono Boost)  
  183  15:41  Observer, Disruptor  
  187  15:43  Stalker x4  
  187  15:44  Zealot x2  
  187  15:46  Shield Battery  
  187  15:49  Pylon  
  195  16:03  Observer  
  192  16:08  Zealot x3  
  192  16:09  Nexus, Pylon, Zealot  
  162  16:27  Probe x2  
  152  16:36  Observer  
  152  16:38  Zealot x8  
  166  16:47  Observer, Photon Cannon  
  166  16:48  Shield Battery  
  166  16:51  Disruptor  
  169  16:57  Disruptor  
  172  17:04  Dark Templar x2  
  172  17:05  Dark Templar x3  
  182  17:20  Unknown  
  182  17:21  Shield Battery  
  182  17:28  Stalker  
  182  17:29  Stalker x2  
  182  17:30  Protoss Shields Level 2 (Chrono Boost)  
  182  17:34  Gravitic Boosters (Chrono Boost)  
  182  17:36  Observer  
  180  17:53  Zealot x8  
  180  17:56  Nexus  
  196  18:02  Observer  
  194  18:22  Pylon  
  185  19:02  Nexus  
  185  19:05  Photon Cannon  
  185  19:06  Zealot x7  
  185  19:07  Photon Cannon  
  197  19:10  Photon Cannon  
  197  19:11  Photon Cannon  
  197  19:12  Photon Cannon  
  197  19:14  Shield Battery  
  197  19:16  Pylon  
  191  19:17  Templar Archives  
  191  19:18  Assimilator  
  191  19:19  Gateway  
  191  19:20  Gateway, Disruptor x2, Assimilator  
  191  19:24  Gateway  
  192  19:41  Zealot, Dark Templar  
  192  19:42  Dark Templar x2  
  200  20:01  Archon  
  200  20:07  Observer  
  200  20:12  Pylon  
  200  20:18  Observer  
  200  20:27  Observer  
  186  20:36  Observer  
  186  20:41  Dark Templar  
  140  21:06  Stalker x10  
Show
View Real Time Build Order
Export as new Build Order

ShaDoWn Protoss 

Build Orders: Phoenix Opening 

Get SALT Encoding   

  12  0:00  Probe  
  13  0:12  Probe  
  14  0:17  Pylon  
  14  0:24  Probe  
  15  0:36  Probe (Chrono Boost), Gateway  
  16  0:47  Probe (Chrono Boost), Assimilator  
  17  0:51  Probe (Chrono Boost)  
  17  0:55  Assimilator  
  18  1:03  Probe (Chrono Boost)  
  19  1:09  Gateway  
  19  1:14  Probe (Chrono Boost)  
  20  1:19  Probe (Chrono Boost)  
  20  1:24  Cybernetics Core  
  21  1:29  Probe  
  22  1:40  Pylon  
  22  1:41  Probe  
  23  1:58  Probe  
  23  2:01  Stalker, Warp Gate  
  28  2:08  Sentry  
  28  2:17  Probe, Pylon  
  29  2:31  Pylon  
  29  2:35  Sentry  
  31  2:43  Nexus  
  31  2:47  Stalker  
  31  2:49  Probe  
  34  2:57  Phoenix  
  34  3:01  Probe, Shield Battery  
  35  3:09  Stalker  
  37  3:15  Probe  
  38  3:21  Pylon  
  38  3:30  Probe, Twilight Council  
  39  3:37  Pylon  
  39  3:42  Probe  
  40  3:49  Stalker  
  40  3:51  Stalker  
  40  3:54  Probe  
  45  3:58  Pylon  
  45  4:03  Probe  
  45  4:06  Probe  
  45  4:07  Pylon  
  47  4:11  Blink (Chrono Boost)  
  47  4:15  Probe (Chrono Boost)  
  48  4:18  Probe (Chrono Boost)  
  49  4:27  Probe (Chrono Boost)  
  49  4:29  Stalker  
  49  4:30  Probe (Chrono Boost)  
  53  4:34  Probe (Chrono Boost)  
  53  4:36  Probe (Chrono Boost)  
  53  4:37  Pylon  
  55  4:51  Probe (Chrono Boost)  
  55  4:52  Probe (Chrono Boost)  
  55  4:53  Stalker  
  55  4:56  Pylon  
  58  5:02  Probe (Chrono Boost)  
  58  5:03  Probe (Chrono Boost), Forge  
  58  5:06  Probe (Chrono Boost)  
  59  5:12  Probe  
  61  5:22  Probe  
  61  5:24  Probe, Nexus  
  61  5:27  Stalker  
  65  5:30  Assimilator  
  65  5:31  Protoss Ground Weapons Level 1 (Chrono Boost), Pylon  
  65  5:38  Robotics Facility  
  65  5:39  Probe  
  65  5:41  Probe  
  67  5:51  Probe  
  67  5:53  Probe  
  69  5:59  Charge  
  69  6:02  Gateway x2  
  69  6:03  Probe  
  70  6:05  Probe  
  70  6:07  Stalker  
  73  6:15  Probe  
  73  6:17  Probe  
  75  6:24  Shield Battery  
  75  6:27  Observer  
  75  6:30  Probe x2 (Chrono Boost)  
  81  6:40  Gateway x2  
  81  6:41  Probe x2 (Chrono Boost)  
  81  6:44  Probe (Chrono Boost)  
  81  6:48  Templar Archives, Probe (Chrono Boost)  
  81  6:49  Gateway  
  81  6:51  Gateway  
  81  6:52  Gateway  
  82  7:02  Nexus  
  82  7:05  Pylon  
  82  7:14  Probe x3, Immortal (Chrono Boost)  
  89  7:18  Gateway  
  89  7:21  Pylon  
  89  7:22  Zealot  
  89  7:23  Zealot x2  
  89  7:26  Protoss Ground Weapons Level 2 (Chrono Boost)  
  95  7:36  Shield Battery  
  95  7:40  Probe  
  95  7:43  Probe x2  
  98  7:46  Stalker x3  
  98  7:47  Zealot, Stalker  
  108  7:53  Probe  
  108  7:56  Pylon  
  109  8:03  Photon Cannon  
  109  8:09  Pylon  
  109  8:11  Pylon  
  109  8:16  Warp Prism (Chrono Boost), Stalker x2  
  109  8:17  Stalker x2  
  119  8:22  Stalker x2  
  119  8:25  Photon Cannon  
  123  8:31  Stalker  
  123  8:32  Photon Cannon  
  125  8:37  Stalker x3  
  131  8:44  Zealot x4  
  139  9:02  Stalker x5  
  147  9:04  Probe  
  147  9:10  Probe  
  147  9:15  Pylon  
  148  9:20  Nexus  
  148  9:21  Pylon  
  148  9:22  Observer  
  145  9:34  Pylon  
  145  9:35  Pylon  
  145  9:37  Pylon  
  145  9:38  Probe x3, Pylon  
  148  9:39  Probe  
  149  9:47  Zealot x7  
  149  9:52  Zealot x2, Protoss Ground Weapons Level 3 (Chrono Boost)  
  167  9:53  Zealot  
  167  9:55  Probe  
  167  9:56  Probe x2  
  167  9:57  Probe  
  159  10:07  Probe  
  159  10:08  Probe  
  159  10:09  Zealot x6  
  159  10:10  Pylon, Zealot  
  171  10:14  Gateway  
  171  10:15  Gateway, Shield Battery  
  171  10:16  Gateway  
  171  10:17  Photon Cannon  
  171  10:19  Pylon  
  169  10:21  Assimilator  
  169  10:22  Assimilator  
  169  10:23  Photon Cannon  
  169  10:44  Zealot x5  
  169  10:45  Zealot x5  
  189  10:53  Forge  
  177  11:08  Zealot x3, Stalker x5  
  177  11:09  Zealot x2  
  197  11:22  Probe  
  190  11:27  Probe  
  171  11:38  Probe  
  144  11:40  Stalker x2  
  144  11:41  Zealot x10, Stalker  
  144  11:42  Probe  
  144  11:43  Probe  
  144  11:44  Probe  
  144  11:46  Probe  
  162  11:50  Probe  
  153  11:56  Probe  
  153  12:00  Gateway x3, Protoss Shields Level 1 (Chrono Boost)  
  156  12:10  Dark Shrine  
  156  12:12  Nexus, Zealot x10  
  156  12:14  Observer (Chrono Boost)  
  175  12:16  Stalker x3  
  170  12:33  Stalker x5  
  170  12:34  Zealot x5  
  190  12:42  Stalker x3  
  141  12:55  Zealot x6, Stalker x2  
  141  12:57  Stalker x2  
  157  12:59  Protoss Ground Armor Level 1 (Chrono Boost)  
  157  13:00  Pylon  
  157  13:04  Warp Prism  
  157  13:15  Stalker x6  
  157  13:16  Stalker  
  157  13:19  Shadow Stride (Chrono Boost)  
  171  13:32  Dark Templar x7  
  171  13:33  Zealot x2  
  189  13:39  Zealot x3  
  157  14:06  Stalker x4  
  157  14:07  Zealot x8, Stalker x4  
  185  14:16  Shield Battery  
  185  14:18  Photon Cannon  
  185  14:19  Observer (Chrono Boost), Photon Cannon  
  186  14:30  Stalker x6  
  186  14:31  Zealot  
  196  15:07  Zealot x6  
  189  15:13  Gateway  
  199  15:16  Gateway, Protoss Ground Armor Level 2 (Chrono Boost)  
  199  15:18  Gateway  
  193  15:21  Gateway  
  193  15:23  Gateway  
  193  15:26  Gateway  
  173  15:36  Stalker x2  
  173  15:37  Zealot x5, Stalker x6  
  197  15:43  Protoss Shields Level 2 (Chrono Boost)  
  197  15:44  Pylon  
  197  15:45  Nexus  
  197  15:47  Observer  
  198  15:54  Nexus  
  188  16:07  Pylon, Zealot x7  
  192  16:24  Zealot x3, Stalker x6  
  192  16:25  Zealot x6  
  147  16:33  Zealot x3, Stalker x4  
  153  16:49  Zealot x7, Stalker x2  
  153  16:50  Zealot x2  
  162  17:00  Stalker x2  
  164  17:02  Zealot x4  
  167  17:16  Zealot x7  
  167  17:20  Zealot  
  167  17:21  Zealot x2  
  176  17:30  Pylon  
  176  17:35  Observer (Chrono Boost)  
  169  17:44  Shield Battery  
  169  17:45  Zealot, Stalker x6  
  183  17:54  Observer (Chrono Boost)  
  184  18:09  Nexus  
  184  18:10  Observer (Chrono Boost)  
  185  18:15  Shield Battery  
  185  18:16  Photon Cannon  
  185  18:17  Photon Cannon  
  185  18:22  Zealot x6  
  185  18:23  Zealot  
  194  18:35  Pylon  
  194  18:36  Photon Cannon  
  188  18:44  Zealot x7  
  198  18:51  Zealot x2  
  190  18:59  Stalker x3  
  196  19:05  Pylon  
  196  19:07  Stalker  
  192  19:11  Stalker  
  190  19:18  Dark Templar x2  
  192  19:32  Observer  
  192  19:35  Zealot x5  
  164  19:59  Zealot, Stalker x4  
  173  20:19  Zealot, Stalker x2  
  179  20:24  Zealot  
  140  20:57  Zealot x9  
Tags
 
Add a new tag
Caveats
  • Supply blocks, unpowered buildings, or Contaminate may cause inaccurate times.
  • Supply counts are checked every 10 seconds.